 Dungeon Crawl Stone Soup version 0.21.1-1-g345015f (webtiles) character file.

36 inc the Changer (level 3, 0/23 HPs)
             Began as an Octopode Transmuter on Mar 16, 2018.
             Slain by an orc
             ... wielding a +0 flail
              (13 damage)
             ... on level 1 of the Dungeon.
             The game lasted 00:02:01 (1433 turns).

inc the Changer (Octopode Transmuter)               Turns: 1433, Time: 00:02:03

Health: 0/23       AC:  1    Str:  9    XL:     3   Next: 37%
Magic:  5/6        EV: 13    Int: 16    God:
Gold:   46         SH:  0    Dex: 12    Spells: 5/6 levels left

rFire    . . .     SeeInvis .     - Unarmed
rCold    . . .     Gourm    .   (no shield)
rNeg     . . .     Faith    .   (helmet restricted)
rPois    .         Spirit   .   (no amulet)
rElec    .         Reflect  .   (no ring)
rCorr    .         Harm     .   (no ring)
MR       .....                  (no ring)
Stlth    ++........             (no ring)
HPRegen  0.07/turn              (no ring)
MPRegen  0.10/turn              (no ring)
                                (no ring)
                                (no ring)

@: appendage, very slightly contaminated
A: almost no armour, stealthy swim, amphibious, 8 rings, constrict 8, tentacle
spike 3, camouflage 1, gelatinous body 1
a: End Transformation


You were on level 1 of the Dungeon.
You were hungry.
One of your tentacles had a temporary spike.
You visited 1 branch of the dungeon, and saw 2 of its levels.

You collected 46 gold pieces.

Inventory:

Missiles
 a - 12 arrows
Scrolls
 d - a scroll of identify {unknown}
 f - 2 scrolls of fog {unknown}
 i - a scroll of blinking {unknown}
 j - a scroll of remove curse {unknown}
 l - a scroll of teleportation {unknown}
Potions
 e - a potion of haste {unknown}
 g - a potion of heal wounds {unknown}
 h - 3 potions of curing {unknown}
 k - a potion of brilliance {unknown}
Books
 b - a book of Changes

   Spells                             Type                      Level
   a - Beastly Appendage              Transmutation                1
   b - Sticks to Snakes               Transmutation                2
   c - Spider Form                    Transmutation/Poison         3
   d - Ice Form                       Ice/Transmutation            4
   e - Blade Hands                    Transmutation                5
Comestibles
 c - 2 rations


   Skills:
 - Level 1.0 Fighting
 - Level 2.0 Dodging
 - Level 3.0 Unarmed Combat
 - Level 2.0 Spellcasting
 + Level 3.7 Transmutations


You had 5 spell levels left.
You knew the following spells:

 Your Spells              Type           Power        Failure   Level  Hunger
a - Beastly Appendage     Tmut           ##....       4%          1    #......


Dungeon Overview and Level Annotations

Branches:
Dungeon (2/15)

Altars:


Innate Abilities, Weirdness & Mutations

You cannot wear most types of armour.
You are very stealthy in the water. (Stealth+)
You are amphibious.
You can wear up to eight rings at the same time.
You can use your tentacles to constrict eight enemies at once.
Your skin changes colour to match your surroundings (Stealth+).
Your rubbery body absorbs attacks. (AC +1, EV +1)
One of your tentacles bears a large vicious spike.


Message History

The orc misses you. The orc hits you with a dagger.
You climb upwards.
There is a stone staircase leading down here.
Unknown command.
The orc barely misses you.
Casting: Beastly Appendage
Confirm with . or Enter, or press ? or * to list all spells.
One of your tentacles grows a vicious spike.
The orc hits you with a flail!
You tentacle-slap the orc. You grab the orc.
You pierce the orc, but do no damage.
The orc is lightly wounded.
You constrict the orc, but do no damage.
The orc barely misses you.
You tentacle-slap the orc but do no damage.
The orc is lightly wounded.
You constrict the orc, but do no damage.
The orc hits you with a flail!
Ouch! That really hurt!
You die...

.##.#..#.#...#.##..## ##.....##..
.......##†.....##...###.####.....
###.#........####.#..#.## #÷##..
#.......#..####.#.#.## #.##.. #
###.###.........#.#.# #.##.. #
#.# #.............# #.#### # #.#
#..#...####>### #.# #
#.###..###.####.# ##.# #
#...........@oo.# #..#
#########..###.####.# #.##
...######..# #.# #..# #.#
##.##......# #.# #..# #.#
#.##.....## ### #..# #.#
#.##'###+########..# #.#
#.#.......#........# #.#
#.#.......#..>.....# ####.#####
###.⌠.8.⌠.#..).....####.........


You could see 2 orcs.

Vanquished Creatures
  An ooze (D:1)
  A dart slug (D:1)
  A leopard gecko (D:1)
  A giant cockroach (D:1)
  4 goblins (D:1)
  2 hobgoblins (D:1)
  4 jackals (D:1)
  3 bats (D:1)
  A frilled lizard (D:1)
  2 kobolds (D:1)
  9 rats (D:1)
29 creatures vanquished.

Notes
Turn   | Place    | Note
-------+----------+-------------------------------------------
     0 | D:1      | inc the Octopode Transmuter began the quest for the Orb.
     0 | D:1      | Reached XP level 1. HP: 13/13 MP: 3/3
   509 | D:1      | Reached XP level 2. HP: 18/18 MP: 5/5
   631 | D:1      | Reached XP level 3. HP: 7/23 MP: 6/6
  1433 | D:1      | Slain by an orc

Skill      XL: |  1  2 |
---------------+-------+-----
Transmutations | 3 |  3.7
Fighting       | |  1.0
Dodging        | |  2.0
Unarmed Combat | |  3.0
Spellcasting   | |  2.0

Action                   || total
-------------------------++-------
Melee: Unarmed           ||    64
       Kick              ||    16
       Constrict         ||    15
       Tentacles         ||     6
 Cast: Beastly Appendage ||    16
 Stab: Sleeping          ||     9
  Eat: Chunk             ||     1
Armor: Skin              ||     2
Dodge: Dodged            ||    38
